 Dungeon Crawl Stone Soup version 0.30-a0-50-gb2d611f6b1 (webtiles) character file.

Game seed: 1060919165452034800

110 timneilson the Covered (level 4, 0/29 HPs)
             Began as a Gargoyle Fighter on Sept 4, 2022.
             Slain by Pikel
             ... wielding a +0 whip of freezing
              (5 damage)
             ... on level 4 of the Dungeon.
             The game lasted 00:03:49 (2721 turns).

timneilson the Covered (Gargoyle Fighter)           Turns: 2721, Time: 00:03:50

Health: 0/29       AC: 11    Str: 22    XL:     4   Next: 91%
Magic:  4/4        EV:  9    Int:  8    God:
Gold:   131        SH:  4    Dex:  9    Spells: 3/3 levels left

rFire   . . .      SeeInvis .    a - +0 long sword
rCold   . . .      Faith    .    c - +0 buckler
rNeg    + . .      Spirit   .    b - +0 scale mail
rPois   ∞          Reflect  .    (no helmet)
rElec   +          Harm     .    (no cloak)
rCorr   +          Rampage  .    j - +0 pair of gloves
Will    +....                    (no boots)
Stlth   ..........               e - amulet of regeneration
HPRegen 0.89/turn                i - ring of resist corrosion
MPRegen 0.09/turn                k - ring of willpower

@: mighty
A: sickness immunity, AC +3, negative energy resistance 1, electricity
resistance, torment resistance 1, petrification resistance
a: no special abilities


You were on level 4 of the Dungeon.
You visited 1 branch of the dungeon, and saw 4 of its levels.

You collected 131 gold pieces.

Inventory:

Hand Weapons
 a - a +0 long sword (weapon)
Armour
 b - a +0 scale mail (worn)
 c - a +0 buckler (worn)
 j - a +0 pair of gloves (worn)
Jewellery
 e - an amulet of regeneration (around neck)
 i - a ring of resist corrosion (left hand)
 k - a ring of willpower (right hand)
Scrolls
 m - a scroll of brand weapon {unknown}
 o - 3 scrolls of teleportation
 p - a scroll of amnesia
Potions
 f - 2 potions of brilliance
 g - a potion of attraction


   Skills:
 + Level 3.7 Fighting
 * Level 2.6 Long Blades
 * Level 4.2 Armour
 + Level 0.9 Dodging
 * Level 4.1 Shields


You had 3 spell levels left.
You didn't know any spells.
Your spell library contained the following spells:

 Spells                   Type           Power      Damage    Failure   Level
 Apportation              Tloc           0%         N/A       82%         1
 Necrotise                Necr           0%         1d4       82%         1
 Summon Small Mammal      Summ           0%         N/A       82%         1


Dungeon Overview and Level Annotations

Branches:
Dungeon (4/15)
 Temple: D:4-7

Altars:
Qazlal
The Shining One

Annotations:
D:4 Pikel


Innate Abilities, Weirdness & Mutations

You are immune to sickness and miasma.
Your stone body is resilient. (AC +3)
You are immune to poison.
You resist negative energy. (rN+)
You are resistant to electric shocks. (rElec)
You are resistant to unholy torment.
You are immune to petrification.


Message History

Pikel hits you with a +0 whip of freezing.
Pikel freezes you. Pikel hits you but does no damage.
You miss Pikel.
Pikel is heavily wounded.
Pikel hits you with a +0 whip of freezing.
* * * LOW HITPOINT WARNING * * *
Pikel freezes you.
* * * LOW HITPOINT WARNING * * *
You barely miss Pikel.
Pikel is heavily wounded.
Pikel hits you but does no damage.
You barely miss Pikel.
Pikel is heavily wounded.
Pikel hits you but does no damage.
You closely miss Pikel.
Pikel is heavily wounded.
Pikel hits you with a +0 whip of freezing.
* * * LOW HITPOINT WARNING * * *
Pikel freezes you.
* * * LOW HITPOINT WARNING * * *
Pikel closely misses you.
It was a potion of cancellation.
You feel magically purged. Pikel hits you but does no damage.
It was a potion of magic.
Magic courses through your body. Pikel hits you but does no damage.
You feel very mighty all of a sudden.
Pikel hits you with a +0 whip of freezing.
* * * LOW HITPOINT WARNING * * *
Pikel freezes you.
* * * LOW HITPOINT WARNING * * *
You closely miss Pikel.
Pikel is heavily wounded.
You block Pikel's attack.
You slash Pikel!
Pikel is severely wounded.
Pikel barely misses you.
You closely miss Pikel.
Pikel is severely wounded.
Pikel hits you with a +0 whip of freezing.
You die...

##.#.....#
#........#
##.#####.#
#...## #.# #
#....###.#.#
#.#..........#
#......###.###
#5#####.### #.#
#555K@..# #.#
#######.......#
#!####### #.#
#.# #.# #.# .#


You could see Pikel and 4 lemures.

Vanquished Creatures
  Terence (D:2)
  An iguana (D:4)
  An adder (D:2)
  A worm (D:2)
  A dart slug (D:1)
  2 orcs
  2 ball pythons
  2 endoplasms
  3 giant cockroaches
  4 goblins
  4 hobgoblins
  2 quokkas (D:1)
  3 bats
  4 frilled lizards
  5 kobolds
  5 rats
41 creatures vanquished.

Notes
Turn   | Place    | Note
-------+----------+-------------------------------------------
     0 | D:1      | timneilson the Gargoyle Fighter began the quest for the
                  | Orb.
     0 | D:1      | Reached XP level 1. HP: 14/14 MP: 1/1
   252 | D:1      | Reached XP level 2. HP: 16/19 MP: 2/2
   594 | D:1      | Found a faded altar of an unknown god.
  1259 | D:2      | You fall into a shaft and drop 1 floor!
  1304 | D:2      | Noticed Terence
  1320 | D:2      | Reached XP level 3. HP: 23/23 MP: 3/3
  1328 | D:2      | Killed Terence
  1477 | D:2      | Reached XP level 4. HP: 28/28 MP: 4/4
  1632 | D:2      | Identified the +3 leather armour of the Barracuda {Drain
                  | rC++ Slay+2 Stlth+}
  2638 | D:4      | Found a glowing golden altar of the Shining One.
  2639 | D:4      | Found a stormy altar of Qazlal.
  2686 | D:4      | Noticed a lemure
  2686 | D:4      | Noticed a lemure
  2686 | D:4      | Noticed a lemure
  2688 | D:4      | Noticed Pikel
  2691 | D:4      | Noticed a lemure
  2707 | D:4      | HP: 1/29 [Pikel/+0 whip of freezing (3)]
  2715 | D:4      | HP: 1/29 [Pikel/+0 whip of freezing (3)]
  2721 | D:4      | Slain by Pikel

Illustrated notes

Levels and vault maps discovered:
D:1:      matt_arrival_los_fun, layout_basic,
          dreamdust_ecumenical_altar_angels_and_demons,
          amcnicky_mini_rare_corridor_liquid, hex_large, minmay_misc_feat_alley,
          kennysheep_flooded_box, minmay_heptomino_d4
D:2:      layout_basic, serial_shops, shop, uniq_robin, uniq_terence
D:3:      layout_loops_ring
D:4:      layout_loops_corners, chequers_temple_overflow_statue_of_worship,
          ebering_ghost_disaster_area, hangedman_glass_teeth,
          patterned_corridor, uniq_sigmund, uniq_pikel

Skill      XL: |  1  2  3  4 |
---------------+-------------+-----
Long Blades    | 2 |  2.6
Armour         | 4 |  4.2
Shields        | 4 |  4.1
Fighting       | |  3.7
Dodging        | |  0.9

Action                   |  1- 3 |  4- 6 || total
-------------------------+-------+-------++-------
Melee: Long sword        |    84 |   114 ||   198
  Use: Scroll            |     5 |     3 ||     8
       Potion            |       |     5 ||     5
Armor: Scale mail        |    43 |    62 ||   105
Dodge: Dodged            |    48 |    48 ||    96
Block: Buckler           |    12 |    28 ||    40

Table legend: (Time is in decaauts)
 A = Elapsed time spent in this place.
 B = Non-inter-level travel time spent in this place.
 C = Inter-level travel time spent in this place.
 D = Time resting spent in this place.
 E = Time spent auto-exploring this place.
 F = Levels seen in this place.
 G = Mean time per level.
                   A        B        C        D        E       F      G
               +--------+--------+--------+--------+--------+-----+--------+
         Total |   2782 |   2734 |     48 |     30 |   2164 |   4 |  695.5 |
       Dungeon |   2782 |   2734 |     48 |     30 |   2164 |   4 |  695.5 |
               +--------+--------+--------+--------+--------+-----+--------+

Top non-repeatable levels by time:
     D:1: 1146 daAuts
     D:2: 820 daAuts
     D:3: 657 daAuts
     D:4: 158 daAuts
